 Dungeon Crawl Stone Soup version 0.27-b1-2-g8387495791 (webtiles) character file.

Game seed: 5724588234261216610

151 ZARRMARR the Firebug (level 5, -4/39 HPs)
             Began as a Hill Orc Fire Elementalist on July 25, 2021.
             Slain by Grinder (8 damage)
             ... on level 4 of the Dungeon on July 26, 2021.
             The game lasted 00:37:38 (4954 turns).

ZARRMARR the Firebug (Hill Orc Fire Elementalist)   Turns: 4954, Time: 00:37:39

Health: -4/39      AC:  8    Str: 11    XL:     5   Next: 33%
Magic:  4/8        EV: 11    Int: 16    God:
Gold:   88         SH:  0    Dex: 20    Spells: 7/8 levels left

rFire    + + .     SeeInvis .   i - staff of fire
rCold    . . .     Faith    .   (no shield)
rNeg     . . .     Spirit   .   d - +0 ring mail
rPois    .         Reflect  .   k - +2 helmet of the Shoals {Fly rCorr Dex+3 Stlth+}
rElec    .         Harm     .   (no cloak)
rCorr    +         Rampage  .   (no gloves)
Will     .....                  (no boots)
Stlth    +++.......             (no amulet)
HPRegen  0.13/turn              c - ring of protection from fire
MPRegen  0.11/turn              s - +6 ring of dexterity

@: flying
A: no striking features
a: no special abilities


You were on level 4 of the Dungeon.
You visited 1 branch of the dungeon, and saw 4 of its levels.

You collected 88 gold pieces.

Inventory:

Hand Weapons
 f - a +0 hand axe
Missiles
 g - 124 stones
 m - a poisoned dart (quivered)
Armour
 a - a +0 robe
 d - a +0 ring mail (worn)
 k - the +2 helmet of the Shoals (worn) {Fly rCorr Dex+3 Stlth+}
   (You took it off Robin on level 2 of the Dungeon)

   Dex:       It affects your dexterity (+3).
   Fly:       It grants you flight.
   rCorr:     It protects you from acid and corrosion.
   Stlth:     It makes you more stealthy.
Magical Staves
 i - a staff of fire (weapon)
Jewellery
 c - a ring of protection from fire (left hand)
 h - a ring of ice
 s - a +6 ring of dexterity (right hand)
Wands
 j - a wand of polymorph (10)
 r - a wand of acid (14)
Scrolls
 t - a scroll of identify
Potions
 b - 2 potions of degeneration {unknown}
 e - 2 potions of brilliance
 l - a potion of curing {unknown}
 n - a potion of heal wounds {unknown}
 o - a potion of flight {unknown}
 p - a potion of ambrosia {unknown}
 q - 2 potions of haste {unknown}
 v - a potion of resistance {unknown}


   Skills:
 + Level 0.5 Fighting
 + Level 1.0 Axes
 + Level 0.8 Staves
 + Level 1.0 Throwing
 + Level 2.6 Armour
 + Level 1.7 Dodging
 + Level 1.8 Stealth
 + Level 0.3 Unarmed Combat
 + Level 2.1 Spellcasting
 + Level 1.2 Conjurations
 + Level 3.9 Fire Magic


You had 7 spell levels left.
You knew the following spells:

 Your Spells              Type           Power      Damage    Failure   Level
a - Foxfire               Conj/Fire      60%        2x1d7     16%         1

Your spell library contained the following spells:

 Spells                   Type           Power      Damage    Failure   Level
 Conjure Flame            Conj/Fire      15%        6-21      43%         3
 Inner Flame              Hex/Fire       12%        N/A       52%         3
 Sticky Flame             Conj/Fire      15%        2d4       83%         4
 Fireball                 Conj/Fire      7%         3d5       99%         5
 Borgnjor's Revivificati  Necr           0%         N/A       100%        8
 Necromutation            Tmut/Necr      0%         N/A       100%        8
 Death's Door             Necr           0%         N/A       100%        9


Dungeon Overview and Level Annotations

Branches:
Dungeon (4/15)
 Temple: D:4-7

Altars:
Hepliaklqana
Sif Muna
Trog

Annotations:
D:4 Grinder


Message History

Grinder gestures at you.
You suddenly lose the ability to move!
Grinder gestures at you. Pain shoots through your body! Grinder hits you.
You writhe in agony.
Grinder hits you.
* * * LOW HITPOINT WARNING * * *
You writhe in agony.
* * * LOW HITPOINT WARNING * * *
Grinder hits you but does no damage.
Grinder blinks!
You can move again.
Casting: Foxfire (safe; 16% risk of failure)
Confirm with . or Enter, or press ? or * to list all spells.
You feel a surge of power!
You conjure some foxfire!
Throw: 2 darts (poison)
Press: ? - help, Q - select action, (/) - cycle Shift-Dir - straight line, f/p - Grinder
Aim: Grinder (severely wounded, ally target, 58% to hit)
You throw a poisoned dart.
The poisoned dart closely misses Grinder.
The foxfire hits Grinder.
Grinder is severely wounded.
The foxfire hits Grinder.
Grinder is almost dead.
You hit Grinder.
Grinder is almost dead.
Grinder gestures at you. You resist with significant effort.
You hit Grinder.
Grinder is almost dead.
Grinder hits you but does no damage. Grinder gestures at you.
You resist with significant effort.
You hit Grinder but do no damage.
Grinder is almost dead.
Grinder hits you but does no damage.
You closely miss Grinder.
Grinder is almost dead.
Grinder hits you!
You die...

#.# #.# #.#
.######.########
.).....?..((....
#†..# #.###
#######(#######..
.......@5(.......
.................
..######.####...#
#.# .# #.## #..#
##.## ######..#
#.......##


You could see Grinder.

Vanquished Creatures
  A hound skeleton (D:4)
  Robin (D:2)
  6 adders
  An adder skeleton (D:4)
  3 worms (D:3)
  An orc (D:3)
  5 bats
  4 endoplasms
  A giant cockroach (D:3)
  8 goblins
  4 hobgoblins
  5 jackals
  4 kobolds
  3 quokkas
  5 ball pythons
  A frilled lizard (D:2)
  7 rats
60 creatures vanquished.

Vanquished Creatures (others)
  111 foxfires
111 creatures vanquished.

Grand Total: 171 creatures vanquished

Notes
Turn   | Place    | Note
-------+----------+-------------------------------------------
     0 | D:1      | ZARRMARR the Hill Orc Fire Elementalist began the quest for
                  | the Orb.
     0 | D:1      | Reached XP level 1. HP: 14/14 MP: 3/3
  1063 | D:1      | Reached XP level 2. HP: 20/20 MP: 0/4
  1769 | D:2      | Found a faded altar of an unknown god.
  1783 | D:2      | Reached XP level 3. HP: 4/26 MP: 2/5
  2165 | D:2      | Reached skill level 1 in Armour
  2647 | D:2      | Reached skill level 1 in Axes
  2651 | D:2      | Identified the +2 helmet of the Shoals {Fly rCorr Dex+3
                  | Stlth+}
  2651 | D:2      | Noticed Robin
  2672 | D:2      | Killed Robin
  2673 | D:2      | Reached XP level 4. HP: 20/33 MP: 1/7
  3678 | D:3      | Found a hazy altar of Hepliaklqana.
  3680 | D:3      | Found a bloodstained altar of Trog.
  4185 | D:3      | Reached skill level 1 in Throwing
  4452 | D:4      | Reached XP level 5. HP: 36/39 MP: 8/8
  4656 | D:4      | Found a shimmering blue altar of Sif Muna.
  4914 | D:4      | Noticed Grinder
  4942 | D:4      | Paralysed by Grinder for 7 turns
  4954 | D:4      | Slain by Grinder

Illustrated notes

Levels and vault maps discovered:
D:1:      eino_arrival_water_star, layout_basic
D:2:      layout_loops_cross, hellmonk_ecumenical_altar_run_dry,
          grunt_decor_junction, minmay_misc_feat_columns,
          kennysheep_another_room, minivault_5, uniq_robin
D:3:      layout_basic, nicolae_overflow_hidden_temple, gup_sewer_entry_bubbles,
          minmay_misc_feat_alley, minivault_27
D:4:      layout_basic, gammafunk_temple_overflow_claw, led_sif_pool,
          roderic_lattice_a, uniq_grinder, uniq_ijyb, uniq_pikel

Skill      XL: |  1  2  3  4 |
---------------+-------------+-----
Spellcasting   | 2 |  2.1
Armour         | 2 |  2.6
Axes           | 1 |  1.0
Throwing       | 1 |  1.0
Fighting       | |  0.5
Staves         | |  0.8
Dodging        | |  1.7
Stealth        | |  1.8
Unarmed Combat | |  0.3
Conjurations   | |  1.2
Fire Magic     | |  3.9

Action                   |  1- 3 |  4- 6 || total
-------------------------+-------+-------++-------
Melee: Mace              |     5 |       ||     5
       Hand axe          |    35 |       ||    35
       Staff             |     8 |    58 ||    66
       Unarmed           |     6 |     4 ||    10
Throw: Stone             |     3 |       ||     3
       Dart              |       |    23 ||    23
 Cast: Foxfire           |    22 |    44 ||    66
  Use: Scroll            |     2 |       ||     2
Armor: Ring mail         |    21 |    25 ||    46
       Skin              |     2 |     2 ||     4
Dodge: Dodged            |    33 |    31 ||    64
